 Dungeon Crawl Stone Soup version 0.31-a0-202-g547052bce9 (webtiles) character file.

Game seed: 3628752139633914287

25 qw the Shooter (level 2, -2/16 HPs)
             Began as a Deep Elf Hunter on June 26, 2023.
             Slain by a quokka (4 damage)
             ... on level 1 of the Dungeon.
             The game lasted 00:00:12 (508 turns).

qw the Shooter (Deep Elf Hunter)                     Turns: 508, Time: 00:00:12

Health: -2/16      AC:  3    Str:  8    XL:     2   Next: 82%
Magic:  4/4        EV: 12    Int: 13    God:
Gold:   47         SH:  0    Dex: 18    Spells: 1/1 levels left

rFire   . . .        a - +0 shortbow
rCold   . . .        (shield currently unavailable)
rNeg    . . .        c - +0 leather armour
rPois   .            (no helmet)
rElec   .            (no cloak)
rCorr   .            (no gloves)
SInv    .            (no boots)
Will    .....        (no amulet)
Stlth   ++           (no ring)
HPRegen 0.22/turn    (no ring)
MPRegen 0.09/turn

%: no passive effects
@: no status effects
A: no striking features
a: no special abilities


You were on level 1 of the Dungeon.
You visited 1 branch of the dungeon, and saw 1 of its levels.

You collected 47 gold pieces.


   Skills:
 - Level 1.5 Fighting
 + Level 6.5 Ranged Weapons
 - Level 2.4 Dodging
 - Level 1.2 Stealth


You had one spell level left.
You didn't know any spells.
Your spell library was empty.

Inventory:

Hand Weapons
 a - a +0 shortbow (weapon)
Armour
 c - a +0 leather armour (worn)
Scrolls
 b - a scroll of butterflies
 e - a scroll of identify {unknown}
Potions
 d - 2 potions of curing {unknown}

Dungeon Overview and Level Annotations

Branches:
Dungeon (1/15)

Altars:


Message History

The dart slug bites you. The hobgoblin barely misses you.
The quokka barely misses you.
You shoot an arrow. The arrow hits the dart slug!
You kill the dart slug!
The quokka closely misses you. The hobgoblin misses you.
You shoot an arrow. The arrow closely misses the hobgoblin.
The quokka bites you. The hobgoblin hits you.
The ball python closely misses you. x2; The quokka closely misses you.
You shoot an arrow. The arrow barely misses the hobgoblin.
The hobgoblin misses you. The ball python closely misses you.
The ball python barely misses you. The quokka closely misses you.
You shoot an arrow.
The arrow hits the hobgoblin but does no damage.
The hobgoblin misses you. The ball python barely misses you.
The ball python misses you. The quokka misses you.
A rat comes into view.
The ball python barely misses you. The ball python closely misses you.
The hobgoblin closely misses you.
You shoot an arrow. The arrow closely misses the hobgoblin.
The quokka bites you.
The ball python bites you but does no damage.
The ball python barely misses you.
The quokka bites you but does no damage.
The hobgoblin hits you but does no damage.
You shoot an arrow. The arrow closely misses the hobgoblin.
The ball python barely misses you. The ball python grabs you.
The ball python constricts you. The quokka barely misses you.
The hobgoblin barely misses you.
You shoot an arrow. The arrow hits the ball python.
You kill the ball python!
The quokka bites you but does no damage.
The hobgoblin hits you.
You shoot an arrow. The arrow closely misses the hobgoblin.
The quokka bites you but does no damage.
The hobgoblin hits you.
The quokka twitches its whiskers.
The quokka closely misses you.
You shoot an arrow. The arrow closely misses the hobgoblin.
The hobgoblin closely misses you. The quokka bites you.
You die...

####### ... #.. ..#
#.# #.# #.# #.# #.#
#.# ###.# #.# ###
#(..# #.#
..#######.#.####.#####
#.........#.....@g...+
#..######.###...r%r..#
#).# ###.## #........+
#..###.### #........#
#....#...##
#..........
#####.....#
#...........
##.##..#..........##
#.##..#...>......#
##.##.#


You could see a quokka, a hobgoblin and a rat.

Vanquished Creatures
  2 dart slugs (D:1)
  3 ball pythons (D:1)
  2 endoplasms (D:1)
  4 hobgoblins (D:1)
  2 jackals (D:1)
  A frilled lizard (D:1)
  2 kobolds (D:1)
  3 rats (D:1)
19 creatures vanquished.

Notes
Turn   | Place    | Note
-------+----------+-------------------------------------------
     0 | D:1      | qw the Deep Elf Hunter began the quest for the Orb.
     0 | D:1      | Reached XP level 1. HP: 12/12 MP: 3/3
     0 | D:1      | 0 ||| qw: Version: 0.3-a-22-g0ed2b0b
     0 | D:1      | 0 ||| qw: Game counter: 6262
     0 | D:1      | 0 ||| qw: Melee chars always use a shield: true
     0 | D:1      | 0 ||| qw: God list: Okawaru
     0 | D:1      | 0 ||| qw: Allow faded altars: false
     0 | D:1      | 0 ||| qw: Do Orc after clearing Dungeon:15 true
     0 | D:1      | 0 ||| qw: Do second Lair branch before Depths: true
     0 | D:1      | 0 ||| qw: Lair rune preference: random
     0 | D:1      | 0 ||| qw: Goals: Normal
     0 | D:1      | 0 ||| PLANNING D:1-11
   199 | D:1      | Reached XP level 2. HP: 16/16 MP: 4/4
   206 | D:1      | Reached skill level 6 in Ranged Weapons
   506 | D:1      | HP: 2/16 [hobgoblin (4)]
   508 | D:1      | Slain by a quokka

Levels and vault maps discovered:
D:1:      dpeg_arrival_round_c, layout_basic, amcnicky_mini_corridor_feature,
          minmay_hexomino_c4

Skill      XL: |  1  2 |
---------------+-------+-----
Ranged Weapons | 6 |  6.5
Fighting       | |  1.5
Dodging        | |  2.4
Stealth        | |  1.2

Action                     || total
---------------------------++-------
   Fire: Shortbow          ||    64
 Armour: Leather armour    ||     6
  Dodge: Dodged            ||    30

Table legend:
 A = Non-vault XP
 B = Vault XP
 C = Vault XP percentage of total XP
 D = Non-vault monster count
 E = Vault monster count
 F = Vault count percentage of total count
                 A         B        C        D         E       F
            +---------+---------+-------+---------+---------+-------
      Total |      30 |       6 |  16.7 |      17 |       2 |  10.5
            +---------+---------+-------+---------+---------+-------
        D:1 |      30 |       6 |  16.7 |      17 |       2 |  10.5
            +---------+---------+-------+---------+---------+-------
